 Dungeon Crawl Stone Soup version 0.28-b1-25-g9875b3fc8c (webtiles) character file.

Game seed: 16425498511751092245

125007 saveriu the Slayer (level 16, 0/145 (150) HPs)
             Began as a Hill Orc Fighter on Feb 4, 2022.
             Was a High Priest of Trog.
             Slain by a radroach (13 damage)
             ... on level 2 of the Spider Nest on Feb 7, 2022.
             The game lasted 03:02:55 (51802 turns).

saveriu the Slayer (Hill Orc Fighter)              Turns: 51802, Time: 03:02:56

HP:   0/145 (150)   AC: 25    Str: 23    XL:     16   Next: 94%
MP:   0/16          EV:  8    Int:  8    God:    Trog [*****.]
Gold: 1839          SH: 15    Dex: 14    Spells: 15/15 levels left

rFire   + . .      SeeInvis .   F - +4 broad axe "Surrydd" {drain, rPois rC- Will+}
rCold   . . .      Faith    .   E - +2 kite shield {reflect}
rNeg    . . .      Spirit   +   n - +0 plate armour
rPois   +          Reflect  +   B - +0 helmet {rF+}
rElec   .          Harm     .   z - +0 cloak
rCorr   +          Rampage  .   G - +1 pair of gloves of Creativity {rCorr}
Will    ++++.                   q - +0 pair of boots "Uheheys" {Will+}
Stlth   ..........              x - amulet of guardian spirit
HPRegen 0.34/turn               o - ring of willpower
MPRegen 0.15/turn               A - ring of protection from cold

@: very slightly contaminated, studying Maces & Flails, lightly drained
A: frail 1, mutation resistance 1
a: Renounce Religion, Berserk, Trog's Hand, Brothers in Arms


You were on level 2 of the Spider Nest.
You worshipped Trog.
Trog was extremely pleased with you.
You visited 5 branches of the dungeon, and saw 26 of its levels.

You collected 2418 gold pieces.
You spent 579 gold pieces at shops.

Inventory:

Hand Weapons
 b - a +2 broad axe of freezing
 D - a +5 flail of venom
 F - the +4 broad axe "Surrydd" (weapon) {drain, rPois rC- Will+}
   (You bought it in a shop on level 7 of the Dungeon)

   A truly terrible weapon, it drains the life of any living foe it strikes.
   rC:        It makes you vulnerable to cold.
   rPois:     It protects you from poison.
   Will:      It increases your willpower.
 O - the +6 war axe of Righteous Anger {vorpal, rF+ Dex+2}
   (Trog gifted it to you on level 13 of the Dungeon)

   It inflicts extra damage upon your enemies.
   Dex:       It affects your dexterity (+2).
   rF:        It protects you from fire.
Missiles
 i - 27 boomerangs
 s - 9 atropa-tipped darts
 t - 5 throwing nets (quivered)
Armour
 n - a +0 plate armour (worn)
 q - the +0 pair of boots "Uheheys" (worn) {Will+}
   (You found it on level 13 of the Dungeon)

   Will:      It increases your willpower.
 z - a +0 cloak (worn)
 B - a +0 helmet of fire resistance (worn)
 E - a +2 kite shield of reflection (worn)
 G - the +1 pair of gloves of Creativity (worn) {rCorr}
   (You acquired it on level 7 of the Dungeon)

   rCorr:     It protects you from acid and corrosion.
Jewellery
 a - a ring of flight
 o - a ring of willpower (left hand)
 r - a ring of fire
 u - a ring of ice
 x - an amulet of guardian spirit (around neck)
 A - a ring of protection from cold (right hand)
 K - a ring of poison resistance
 V - a ring of positive energy
Wands
 c - a wand of flame (56)
 m - a wand of paralysis (7)
 C - a wand of digging (17)
 H - a wand of iceblast (13)
 T - a wand of acid (6)
Scrolls
 d - a scroll of enchant armour
 g - a scroll of fog
 k - 8 scrolls of teleportation
 y - 9 scrolls of identify
 I - a scroll of silence
 J - 2 scrolls of enchant weapon
 N - 2 scrolls of blinking
 U - 2 scrolls of summoning
 W - a scroll of magic mapping
 X - 2 scrolls of fear
 Y - a scroll of immolation
 Z - a scroll of holy word
Potions
 e - 10 potions of lignification
 f - 2 potions of attraction
 h - 11 potions of curing
 j - 6 potions of haste
 l - 3 potions of resistance
 p - 4 potions of heal wounds
 v - 8 potions of mutation
 w - 2 potions of berserk rage
 L - 3 potions of invisibility
 M - a potion of cancellation
 P - a potion of flight
 R - 14 potions of ambrosia
 S - 5 potions of might


   Skills:
 + Level 21.2 Fighting
 + Level 19.7 Axes
 + Level 0.4(11.0) Maces & Flails
 + Level 17.0 Armour
 + Level 3.1 Dodging
 + Level 15.4 Shields


You had 15 spell levels left.
You didn't know any spells.
Your spell library contained the following spells:

 Spells                   Type           Power      Damage    Failure   Level
 Beastly Appendage        Tmut           0%         N/A       99%         1
 Wereblood                Tmut           0%         N/A       100%        2
 Spider Form              Tmut/Pois      0%         N/A       100%        3


Dungeon Overview and Level Annotations

Branches:
Dungeon (15/15)            Temple (1/1) D:4            Lair (6/6) D:11
 Shoals (0/4) Lair:4       Spider (2/4) Lair:4        Slime (0/5) Lair:6
    Orc (2/2) D:12            Elf (0/3) Orc:2        Vaults (0/5) D:14
 Depths (0/4) D:15

Altars:
Ashenzari
Cheibriados
Dithmenos
Elyvilon
Fedhas
Gozag
Hepliaklqana
Kikubaaqudgha
Makhleb
Nemelex Xobeh
Okawaru
Qazlal
Ru
Sif Muna
Trog
Uskayaw
Vehumet
Wu Jian
Xom
Yredelemnul
Zin
The Shining One

Shops:
D:1 [   D:7 (*   D:10 ?   Orc:1 **   Orc:2 :::*

Portals:
Trove: D:15 (give 5 potions of resistance)


Innate Abilities, Weirdness & Mutations

You are frail. (-10% HP)
You are somewhat resistant to further mutation.


Message History

The spark wasp bursts into living lightning!
The living lightning hits you!!
The spark wasp blinks!
You miss the spark wasp.
The spark wasp is almost dead.
The spark wasp stings you. The spark wasp shocks you!
* * * LOW HITPOINT WARNING * * *
You slice the spark wasp!!
You kill the spark wasp!
Trog accepts your kill.
There is a stone staircase leading down here.
You don't know any spells.
Unknown command.
You don't know any spells.
You don't know any spells.
Unknown command.
You don't know any spells.
Unknown command.
You don't know any spells.
Unknown command.
You don't know any spells.
Okay, then.
Unknown command.
You don't know any spells.
You don't know any spells.
Unknown command.
Unknown command.
Unknown command.
Unknown command.
You don't know any spells.
You slice the radroach!! You drain the radroach!
The radroach is heavily wounded.
The radroach erupts in a fountain of uncontrolled magic!
You are blasted with magical radiation!!
* * * LOW HITPOINT WARNING * * *
You are very lightly contaminated with residual magic.
You slice the radroach!!
The radroach is almost dead.
The radroach erupts in a fountain of uncontrolled magic!
You are blasted with magical radiation!
You die...

##^## #^........#... ##...#
...#........# .^...#
#........... ....####
####........... .......##
##.......:..>... #.......#
#......#..##.#.. ####^...##
##. ##...^.....
#.......^###...#>B.#..#..#
#.........###..#@#.#..#^.#
#.....#....#.#....##.....
...#.......#........##...
............#.....##.#....
....^.....#.#.###....^....
###.........#^......#...#
#^......................##
..^#....#...(..#.....#...##
#.......#.......^....^....#


You could see a radroach (drained).

Vanquished Creatures
  Rupert (D:15)
  Jorgrun (D:12)
  Kirke (D:13)
  Roxanne (Spider:1)
  Donald (Spider:1)
  2 emperor scorpions
  Louise (Spider:1)
  Azrael (Orc:2)
  2 spark wasps
  An entropy weaver (Spider:2)
  A fire dragon (D:15)
  An ettin (D:15)
  Josephine (D:11)
  Harold (D:11)
  12 hydras
  An ogre mage (D:14)
  3 catoblepae
  2 boulder beetles
  A jorogumo (Spider:2)
  3 centaur warriors
  A merfolk avatar (Lair:6)
  2 two-headed ogres (D:14)
  15 death yaks
  4 tengu warriors
  Nergalle (D:10)
  An orc high priest (Orc:2)
  8 skeletal warriors (D:15)
  3 pharaoh ants (Spider:2)
  A deep troll (D:15)
  3 steelbarb worms
  A sea snake (Lair:6)
  4 orb spiders
  2 wizards
  A harpy (Lair:6)
  2 lindwurms
  2 orc knights (D:14)
  6 orc sorcerers
  2 deep elf pyromancers
  An oklob plant (Lair:3)
  8 wolf spiders
  6 manticores
  5 cyclopes
  13 ugly things
  8 elephants
  5 black mambas
  5 torpor snails
  An unseen horror (shapeshifter) (D:14)
  7 komodo dragons
  An unseen horror (D:12)
  Maggie (D:8)
  10 cane toads
  2 efreet (D:14)
  A freezing wraith (D:14)
  8 demonic crawlers
  A tengu conjurer (D:15)
  5 rime drakes
  2 kobold demonologists
  A queen bee (Lair:3)
  3 meliai (D:14)
  3 trolls
  2 polar bears
  A wind drake (Lair:6)
  14 tarantellas
  A hornet (Lair:6)
  3 slime creatures (D:12)
  A raiju (shapeshifter) (D:14)
  A dream sheep (shapeshifter) (D:14)
  12 dream sheep
  16 blink frogs
  10 jumping spiders
  14 culicivoras
  A jumping spider (shapeshifter) (D:14)
  A shadow (D:10)
  41 yaks
  A vampire (D:13)
  2 wyverns
  2 basilisks
  5 fire elementals (Orc:2)
  6 hogs (D:13)
  7 wraiths
  A human (shapeshifter) (D:15)
  A steam dragon (D:7)
  23 redbacks
  A vampire mosquito (D:6)
  Edmund (D:6)
  2 wargs (D:11)
  An acid dragon (D:12)
  2 hell hounds (Orc:2)
  15 water moccasins
  3 ice beasts
  17 orc warriors
  A sky beast (D:5)
  A hornet zombie (D:7)
  A black bear (D:4)
  6 ogres
  20 wolves
  17 centaurs
  A phantom (D:5)
  3 kobold brigands
  7 bullfrogs
  A gnoll sergeant (D:10)
  3 scorpions
  A wyvern skeleton (D:7)
  36 killer bees
  9 wights
  2 howler monkeys
  2 bullfrog zombies
  3 jellies
  16 orc priests
  3 centaur zombies
  A gnoll shaman (D:5)
  3 hounds
  2 hell rats (D:7)
  3 iguanas
  32 orc wizards
  A scorpion zombie (D:5)
  A hound zombie (D:5)
  Robin (D:3)
  8 gnolls
  8 adders
  6 river rats
  A shadow imp (D:7)
  2 white imps
  An ufetubus (D:7)
  5 worms
  2 dart slugs
  52 orcs
  11 ball pythons
  3 bats (D:1)
  8 endoplasms
  4 giant cockroaches
  9 goblins
  15 hobgoblins
  A jackal (D:2)
  25 kobolds
  11 quokkas
  2 frilled lizards
  37 rats
  2 rat zombies (D:5)
  A bush (Lair:1)
793 creatures vanquished.

Vanquished Creatures (collateral kills)
  2 orc warriors (Orc:2)
  An orc wizard (Orc:2)
3 creatures vanquished.

Vanquished Creatures (others)
  A skeletal warrior (D:14)
  A manticore (D:13)
  A human (D:13)
  An orc wizard (Orc:2)
  56 fungi
  66 plants
126 creatures vanquished.

Grand Total: 922 creatures vanquished

Notes
Turn   | Place    | Note
-------+----------+-------------------------------------------
     0 | D:1      | saveriu the Hill Orc Fighter began the quest for the Orb.
     0 | D:1      | Reached XP level 1. HP: 19/19 MP: 1/1
   272 | D:1      | Found Iskasi's Antique Armour Shop.
   530 | D:1      | Reached XP level 2. HP: 27/27 MP: 2/2
  1405 | D:1      | Reached skill level 4 in Fighting
  1661 | D:1      | Reached XP level 3. HP: 30/33 MP: 3/3
  2921 | D:2      | Identified the +3 dagger of Drought {flame, Will+ Str+3
                  | Stlth+}
  3403 | D:2      | Reached XP level 4. HP: 41/41 MP: 4/4
  3720 | D:2      | Found a hide-covered altar of Uskayaw.
  5568 | D:3      | Noticed Robin
  5590 | D:3      | Killed Robin
  5591 | D:3      | Reached XP level 5. HP: 33/47 MP: 5/5
  5924 | D:3      | Reached skill level 5 in Fighting
  6687 | D:3      | Noticed an ice beast
  6698 | D:3      | Killed an ice beast
  6699 | D:3      | Reached XP level 6. HP: 44/56 MP: 6/6
  7105 | D:4      | Found a staircase to the Ecumenical Temple.
  7114 | Temple   | Entered the Ecumenical Temple
  7577 | Temple   | Became a worshipper of Trog the Wrathful
  7773 | D:4      | Reached skill level 5 in Axes
  7773 | D:4      | Reached skill level 5 in Armour
  7984 | D:4      | Reached skill level 6 in Fighting
  7984 | D:4      | Reached XP level 7. HP: 63/63 MP: 7/7
  9144 | D:5      | Entered Level 5 of the Dungeon
  9288 | D:5      | Reached skill level 7 in Fighting
  9321 | D:5      | Reached XP level 8. HP: 51/73 MP: 8/8
 10014 | D:5      | Reached * piety under Trog
 10017 | D:5      | Reached skill level 8 in Fighting
 11130 | D:6      | Noticed Edmund
 11144 | D:6      | Killed Edmund
 11480 | D:6      | Identified 2 scrolls of acquirement
 11480 | D:6      | Acquired a manual of Fighting
 11745 | D:6      | Acquired the +3 kite shield of Muvadiur {Str+2}
 12121 | D:6      | Reached XP level 9. HP: 71/82 MP: 9/9
 12566 | D:7      | Reached skill level 9 in Fighting
 13453 | D:7      | Reached skill level 5 in Shields
 13695 | D:7      | Found Riytobb's Fire Supplies.
 13715 | D:7      | Bought a +0 helmet of fire resistance for 126 gold pieces
 13833 | D:7      | Reached skill level 10 in Fighting
 13849 | D:7      | Reached ** piety under Trog
 14571 | D:7      | Found Nethy's Antique Weapon Shoppe.
 14580 | D:7      | Bought a slimy broad axe for 225 gold pieces
 14580 | D:7      | Identified the +4 broad axe "Surrydd" {drain, rPois rC-
                  | Will+} (You bought it in a shop on level 7 of the Dungeon)
 14720 | D:7      | Acquired the +1 pair of gloves of Creativity {rCorr}
 14835 | D:8      | Reached skill level 10 in Axes
 14838 | D:8      | Reached skill level 11 in Fighting
 14840 | D:8      | Reached XP level 10. HP: 82/92 MP: 10/10
 15065 | D:8      | Noticed Maggie
 15073 | D:8      | Killed Maggie
 16012 | D:9      | Reached *** piety under Trog
 16281 | D:9      | Found a snail-covered altar of Cheibriados.
 16427 | D:9      | Noticed a kobold demonologist
 16432 | D:9      | Killed a kobold demonologist
 16433 | D:9      | Reached skill level 12 in Fighting
 16795 | D:10     | Entered Level 10 of the Dungeon
 16795 | D:10     | Found Hues's Magic Scroll Emporium.
 16811 | D:10     | Bought a scroll of identify for 28 gold pieces
 16811 | D:10     | Bought a scroll of identify for 28 gold pieces
 17422 | D:10     | Noticed Nergalle
 17428 | D:10     | Noticed a spectral orc warlord
 17434 | D:10     | Killed Nergalle
 17845 | D:11     | Noticed Harold
 18166 | D:11     | Killed Harold
 18167 | D:11     | Reached skill level 13 in Fighting
 18167 | D:11     | Reached skill level 10 in Armour
 18194 | D:11     | Noticed Josephine
 18334 | D:10     | Reached XP level 11. HP: 102/106 MP: 7/11
 18768 | D:11     | Noticed a four-headed hydra
 18772 | D:11     | Killed Josephine
 18781 | D:11     | Killed a four-headed hydra
 19108 | D:11     | Reached **** piety under Trog
 19255 | D:11     | Found a staircase to the Lair.
 19261 | D:11     | Reached skill level 14 in Fighting
 20215 | D:12     | Noticed a deep elf pyromancer
 20223 | D:12     | Killed a deep elf pyromancer
 20738 | Lair:1   | Entered Level 1 of the Lair of Beasts
 21018 | Lair:1   | Reached skill level 15 in Fighting
 21402 | Lair:1   | Reached XP level 12. HP: 110/121 MP: 9/12
 22371 | Lair:2   | Noticed a catoblepas
 22532 | Lair:1   | Reached skill level 10 in Shields
 22731 | Lair:2   | Reached skill level 16 in Fighting
 22734 | Lair:2   | Killed a catoblepas
 22744 | Lair:2   | Noticed an eight-headed hydra
 22888 | Lair:2   | Killed an eight-headed hydra
 23714 | Lair:2   | Noticed a five-headed hydra
 23731 | Lair:2   | Killed a five-headed hydra
 24619 | Lair:3   | Noticed a five-headed hydra
 25040 | Lair:2   | Reached skill level 17 in Fighting
 25051 | Lair:2   | Killed a five-headed hydra
 25531 | Lair:3   | Reached XP level 13. HP: 132/132 MP: 9/13
 25545 | Lair:3   | Reached ***** piety under Trog
 25937 | Lair:3   | Reached skill level 15 in Axes
 26331 | Lair:3   | Reached skill level 18 in Fighting
 28515 | Lair:4   | Found a staircase to the Shoals.
 28728 | Lair:4   | Found a hole to the Spider Nest.
 28841 | Lair:4   | You fall into a shaft and drop 2 floors!
 28841 | Lair:6   | Entered Level 6 of the Lair of Beasts
 29189 | Lair:6   | Reached XP level 14. HP: 101/144 MP: 12/14
 29760 | Lair:6   | Received a gift from Trog
 30135 | Lair:6   | Found a staircase to the Slime Pits.
 30611 | Lair:6   | Reached skill level 19 in Fighting
 30836 | Lair:6   | Identified the +7 trident of Spring {vorpal, Str-3 Int+4}
 34383 | D:12     | Found a staircase to the Orcish Mines.
 34385 | D:12     | Noticed Jorgrun
 34401 | D:12     | Killed Jorgrun
 34511 | D:12     | Identified the +6 trident "Kiynasir" {vorpal, rElec rF-
                  | rN+++ Str-3}
 35672 | D:12     | You fall into a shaft and drop 1 floor!
 35969 | D:13     | Identified the +6 war axe of Righteous Anger {vorpal, rF+
                  | Dex+2} (Trog gifted it to you on level 13 of the Dungeon)
 35969 | D:13     | Received a gift from Trog
 35979 | D:13     | Reached skill level 15 in Armour
 35979 | D:13     | Reached XP level 15. HP: 152/152 MP: 13/15
 36143 | D:13     | Identified the +0 pair of boots "Uheheys" {Will+}
 36548 | Orc:1    | Entered Level 1 of the Orcish Mines
 36630 | Orc:1    | Found Ycaung's Specific Store.
 36677 | Orc:1    | Found Hunaig Nuja's General Store.
 36741 | Orc:1    | Found a burning altar of Makhleb.
 37137 | Orc:2    | Entered Level 2 of the Orcish Mines
 37161 | Orc:2    | Noticed Azrael
 37182 | Orc:2    | Killed Azrael
 37285 | Orc:2    | Found a staircase to the Elven Halls.
 37524 | Orc:2    | Gained mutation: You are frail. (-10% HP) [a neqoxec]
 37534 | Orc:2    | Gained mutation: You are somewhat resistant to further
                  | mutation. [a neqoxec]
 37717 | Orc:2    | Found Hutosan's Book Shop.
 37717 | Orc:2    | Found Nakk's Assorted Antiques.
 37849 | Orc:2    | Found Qobreaq's Book Shop.
 37849 | Orc:2    | Found Papeul's Book Boutique.
 37900 | Orc:2    | Bought a scroll of blinking for 172 gold pieces
 39457 | D:13     | Noticed Kirke
 39470 | D:13     | Killed Kirke
 40412 | D:14     | Reached skill level 20 in Fighting
 41092 | D:14     | Found a shimmering blue altar of Sif Muna.
 42585 | D:14     | Found a gate to the Vaults.
 42821 | D:15     | Entered Level 15 of the Dungeon
 42844 | D:15     | Found a portal to a secret trove of treasure.
 43520 | D:15     | Noticed Rupert
 43536 | D:15     | Killed Rupert
 43585 | D:15     | Reached XP level 16. HP: 125/148 MP: 14/16
 43769 | D:15     | Found a staircase to the Depths.
 44631 | D:15     | Reached skill level 15 in Shields
 45931 | Spider:1 | Entered Level 1 of the Spider Nest
 46932 | Spider:1 | Noticed Louise
 48382 | Spider:1 | Killed Louise
 48488 | Spider:1 | Identified the +1 ring mail of the Thistle {rPois}
 49230 | Spider:1 | Reached skill level 1 in Dodging
 49799 | Spider:1 | Noticed Donald
 49812 | Spider:1 | Killed Donald
 49859 | Spider:1 | Identified Roxanne's Guide on Transmigration
 49859 | Spider:1 | Noticed Roxanne
 49882 | Spider:1 | Killed Roxanne
 49883 | Spider:1 | Reached skill level 21 in Fighting
 51802 | Spider:2 | Slain by a radroach

Illustrated notes

Levels and vault maps discovered:
D:1:      denvon_arrival_waterhouse, layout_rooms, serial_shops, shop,
          grunt_decor_clamped, minmay_rat_gold_closets
D:2:      layout_basic, basic_altar, serial_co_window_serial,
          co_window_of_opportunity_a, co_window_of_opportunity_a,
          co_window_paths_b, co_window_corner_a, co_window_paths_b,
          co_window_corner_cb, co_window_unsneaky_path_d, co_window_corner_b,
          glass_columns_c, glass_columns_b, glass_columns_b, glass_columns_a,
          minmay_joined_circles
D:3:      layout_basic, serial_co_window_serial, co_window_paths_a,
          co_window_cross_1, co_window_paths_b, co_window_cross_1,
          co_window_paths_a, co_window_2corner, co_window_of_opportunity_b,
          co_window_broadway_a, co_window_of_opportunity_b, co_window_corner_ca,
          co_window_2corner, co_window_paths_c, glass_columns_a,
          glass_columns_a, glass_columns_b, glass_columns_b, uniq_robin
D:4:      minmay_recursive_quarters, layout_gridville, minmay_temple_entry_grid,
          lexackson_kobold_supper
D:5:      minmay_inner_zag, layout_loops_corners, enter_ossuary_4
D:6:      layout_rooms, serial_aquarium, aquarium_bridge_island_small
          [aquarium_subvault_small_open, aquarium_subvault_bridge,
          aquarium_subvault_wall, aquarium_subvault_window,
          aquarium_subvault_wall], aquarium_bridge_square
          [aquarium_subvault_bridge, aquarium_subvault_wall,
          aquarium_subvault_bridge, aquarium_subvault_window],
          aquarium_window_fake, aquarium_window_corner, aquarium_window_fake,
          aquarium_window_2, aquarium_view_2a, aquarium_balcony_double_4,
          aquarium_pool_2, uniq_edmund
D:7:      lemuel_ratsnest, layout_cave_pools, serial_shops,
          nicolae_lakefront_shop, chequers_serial_rivers_micro_e,
          nicolae_shop_fire_sale [nicolae_sub_dead_trees], minivault_5,
          st_stairs_5, hangedman_decor_riveting, minivault_4
D:8:      layout_loops_corners, chequers_serial_rivers_micro_d, uniq_maggie
D:9:      layout_cave_pools, kennysheep_slug_shrine
D:10:     layout_basic, serial_shops, nicolae_stop_n_shop_1, uniq_nergalle
D:11:     layout_long_grid, erik_lair_orcish_takeover,
          portal_ice_cave_entry_pillars_1, uniq_josephine, uniq_harold
D:12:     layout_long_grid, orc_david_3, lightli_fourway_metalbox, uniq_jorgrun
D:13:     layout_long_grid, uniq_kirke
D:14:     layout_irregular_city, david_vaults_2, led_sif_pool, minivault_28
D:15:     hangedman_depths_entry_civil_slaughter, layout_stronghold,
          nicolae_trove_entry_free_sample, uniq_rupert
Temple:   mainiacjoe_temple_circle_huts
Lair:1:   layout_regular_city, pond
Lair:2:   layout_misc_corridors, grunt_megastairs_1
Lair:3:   layout_hall_layers, special_room [special_room_bee]
Lair:4:   layout_roguey, shoals_dummy_entry, spider_nest_entry_a,
          gauntlet_entry_generic, lemuel_fruit_fields
Lair:5:   layout_cave_pods, lemuel_fruit_tree
Lair:6:   gammafunk_lair_ancient_temple, layout_regular_city,
          nicolae_slime_entry_slimehenge
Spider:1: layout_cave_pods, worms_lemuel, uniq_donald, uniq_louise, uniq_roxanne
Spider:2: layout_spider_delve, drop_trap, nicolae_spider_paper_wasps
Orc:1:    layout_caves, basic_altar, nicolae_specific_store
Orc:2:    st_orc_mages, layout_caves, uniq_azrael

Skill      XL: |  1  2  3  4  5  6  7  8  9 10 11 12 13 14 15 16 |
---------------+-------------------------------------------------+-----
Axes           | 3 4 5 6 8 10 11 13 14 15 17 18 19 | 19.7
Fighting       | 4 5 6 7 8 11 13 15 17 18 19 20 21 | 21.2
Armour         | 4 5 6 7 8 10 11 12 13 15 16 17 | 17.0
Shields        | 4 6 7 9 11 12 13 14 15 | 15.4
Dodging        | 3 |  3.1
Maces & Flails | |  0.4

Action                   |  1- 3 |  4- 6 |  7- 9 | 10-12 | 13-15 | 16-18 || total
-------------------------+-------+-------+-------+-------+-------+-------++-------
Melee: War axe           |   136 |   179 |   325 |       |       |       ||   640
       Flail             |       |       |    34 |    54 |    99 |       ||   187
       Broad axe         |       |       |     6 |   351 |   858 |   428 ||  1643
Invok: Berserk           |       |       |     1 |    10 |    14 |    10 ||    35
       Trog's Hand       |       |       |       |     2 |    13 |     9 ||    24
       Brothers in Arms  |       |       |       |       |     1 |       ||     1
Evoke: Wand              |       |     1 |       |       |     1 |     1 ||     3
  Use: Scroll            |       |     2 |    11 |    14 |     6 |     5 ||    38
       Potion            |       |       |     3 |       |     1 |     5 ||     9
 Stab: Petrified         |       |       |       |     4 |     6 |       ||    10
       Distracted        |       |       |       |       |     1 |       ||     1
       Paralysed         |       |       |       |       |       |     1 ||     1
Armor: Scale mail        |    69 |       |       |       |       |       ||    69
       Chain mail        |    11 |    11 |       |       |       |       ||    22
       Plate armour      |       |    91 |   254 |   389 |   653 |   314 ||  1701
Dodge: Dodged            |    66 |    35 |    82 |   147 |   223 |   121 ||   674
Block: Buckler           |    34 |     7 |       |       |       |       ||    41
       Kite shield       |       |    48 |   221 |   432 |   903 |   400 ||  2004
